 Dungeon Crawl Stone Soup version 0.21.1-1-g345015fe64 (webtiles) character file.

552596 tasys the Conqueror (level 26, -2/193 HPs)
             Began as a Gargoyle Fighter on June 1, 2018.
             Was a High Priest of Trog.
             Slain by a tentacled monstrosity (9 damage)
             ... on level 1 of the Realm of Zot on June 2, 2018.
             The game lasted 11:45:52 (65581 turns).

tasys the Conqueror (Gargoyle Fighter)             Turns: 65581, Time: 11:45:52

Health: -2/193     AC: 61    Str: 27    XL:     26   Next: 36%
Magic:  23/23      EV:  5    Int: 14    God:    Trog [*****.]
Gold:   3296       SH:  0    Dex: 14    Spells: 25/25 levels left

rFire    + + .     SeeInvis .   a - +8 great mace (vamp)
rCold    + . .     Gourm    +   (shield currently unavailable)
rNeg     + + +     Faith    .   e - +9 plate armour {MR+}
rPois    ∞         Spirit   .   Q - +1 helmet {Int+3}
rElec    +         Reflect  .   H - +0 cloak of Gehenna {rF+ rN++ MR+}
rCorr    +         Harm     .   c - +4 pair of gloves of the Bells {Int+2 Dex+2}
MR       +++..                  Y - +2 pair of boots of the Assassin {Detection Stab+ Stlth++}
Stlth    ..........             T - amulet of the gourmand
HPRegen  0.42/turn              t - ring of Ymoudgh {rF+ rC+ rN+}
MPRegen  0.18/turn              u - ring of resist corrosion

@: berserk cooldown, flying, slowed, constricted, very slow
A: big wings, negative energy resistance 1, electricity resistance, weak 1,
unbreathing, petrification resistance, rot immunity, AC +20
}: 3/15 runes: decaying, silver, gossamer
a: Stop Flying, Berserk, Trog's Hand, Brothers in Arms, Burn Spellbooks,
Renounce Religion


You were on level 1 of the Realm of Zot.
You worshipped Trog.
Trog was extremely pleased with you.
You were not hungry.

You visited 9 branches of the dungeon, and saw 45 of its levels.
You visited the Abyss 1 time.
You also visited: Bailey, Ice Cave and Volcano.

You collected 5876 gold pieces.
You spent 2580 gold pieces at shops.

Inventory:

Hand Weapons
 a - a +8 vampiric great mace (weapon)
 b - a +5 great mace of flaming
 S - the +11 battleaxe "Spiderslayer" {speed, *Noise rPois rF+ rC+++ Int+3}
   (You found it on level 3 of the Elven Halls)

   Attacks with this weapon are significantly faster.
   It affects your intelligence (+3).
   It protects you from fire.
   It renders you almost immune to cold.
   It protects you from poison.
   It may make noises in combat.
 V - the +3 flail of Laengul {crush, rElec rF- MR+++ SInv}
   (You found it on level 1 of the Elven Halls)

   It inflicts extra damage upon your enemies.
   It makes you vulnerable to fire.
   It insulates you from electricity.
   It affects your resistance to hostile enchantments.
   It lets you see invisible.
Armour
 c - the +4 pair of gloves of the Bells (worn) {Int+2 Dex+2}
   (You found it on level 5 of the Vaults)

   It affects your intelligence (+2).
   It affects your dexterity (+2).
 e - a +9 plate armour of magic resistance (worn)
 i - a +2 plate armour of fire resistance
 r - the +1 pair of gloves of Dawn {+Blink rElec rF- Slay+3}
   (You found it on level 3 of the Elven Halls)

   It affects your accuracy and damage with ranged weapons and melee attacks
   (+3).
   It makes you vulnerable to fire.
   It insulates you from electricity.
   It lets you blink.
 s - a scarf of resistance
 x - the +7 chain mail of Amelioration {rCorr}
   (You found it on level 5 of the Vaults)

   It protects you from acid and corrosion.
 H - the +0 cloak of Gehenna (worn) {rF+ rN++ MR+}
   (You found it on level 4 of the Depths)

   It protects you from fire.
   It greatly protects you from negative energy.
   It affects your resistance to hostile enchantments.
 Q - a +1 helmet of intelligence (worn)
 Y - the +2 pair of boots of the Assassin (worn) {Detection Stab+ Stlth++}
   (You found it in an ice cave)

   It makes you much more stealthy.
 Z - a +0 shield of reflection
Jewellery
 t - the ring of Ymoudgh (left hand) {rF+ rC+ rN+}
   (You bought it in a shop on level 3 of the Vaults)

   [ring of protection from cold]

   It protects you from fire.
   It protects you from cold.
   It protects you from negative energy.
 u - a ring of resist corrosion (right hand)
 w - an uncursed ring of protection from fire
 y - an uncursed ring of protection from cold
 z - an uncursed amulet of guardian spirit
 F - the ring "Zerchir" {MR+ Int+4 Slay+2}
   (You bought it in a shop on level 3 of the Vaults)

   [ring of protection from magic]

   It affects your intelligence (+4).
   It affects your accuracy and damage with ranged weapons and melee attacks
   (+2).
   It affects your resistance to hostile enchantments.
 T - an amulet of the gourmand (around neck)
 X - a ring of the Octopus King {MP+9 AC+1 EV+1 Str+1 Int+1 Dex+1}
   (You took it off a deep elf sorcerer on level 3 of the Elven Halls)

   [ring of magical power]

   It affects your AC (+1).
   It affects your evasion (+1).
   It affects your strength (+1).
   It affects your intelligence (+1).
   It affects your dexterity (+1).
   It affects your magic capacity (+9).
Wands
 k - a wand of iceblast (10)
 J - a wand of digging (30)
Scrolls
 g - 6 scrolls of identify
 o - 3 scrolls of blinking
 q - 16 scrolls of teleportation
 v - 6 scrolls of holy word
 B - 23 scrolls of remove curse
 E - 11 scrolls of fog
 G - 2 scrolls of brand weapon
 O - 5 scrolls of fear
 P - 10 scrolls of magic mapping
 R - 3 scrolls of silence
Potions
 d - 6 potions of might
 h - 6 potions of ambrosia
 j - 20 potions of curing
 l - a potion of berserk rage
 p - 3 potions of heal wounds
 A - 2 potions of haste
 L - 6 potions of resistance
 M - 3 potions of cancellation
 N - 2 potions of invisibility
 U - 4 potions of agility
Miscellaneous
 K - 3 sacks of spiders
Comestibles
 f - 51 rations


   Skills:
 O Level 27 Fighting
 - Level 7.2(18.3) Axes
 + Level 26.7(27) Maces & Flails
 - Level 0.2 Throwing
 - Level 17.8 Armour
 - Level 0.2 Dodging
 - Level 0.5 Stealth
 - Level 16.7 Shields


You had 25 spell levels left.
You didn't know any spells.

Dungeon Overview and Level Annotations

Branches:
Dungeon (15/15)            Temple (0/1) D:5            Lair (6/6) D:10
  Swamp (4/4) Lair:2       Spider (4/4) Lair:3        Slime (0/5) Lair:6
    Orc (2/2) D:10            Elf (3/3) Orc:2        Vaults (5/5) D:14
  Crypt (0/3) Vaults:3     Depths (5/5) D:15            Zot (1/5) Depths:5

Altars:
Ashenzari
Cheibriados
Dithmenos
Elyvilon
Fedhas
Hepliaklqana
Kikubaaqudgha
Nemelex Xobeh
Okawaru
Qazlal
Trog
Uskayaw
Vehumet
Wu Jian
Yredelemnul
Zin
The Shining One
Beogh

Shops:
D:4 (   D:5 =   D:6 :   Orc:1 (=%:   Orc:2 **[(   Vaults:2 :   Vaults:3 =
Vaults:5 }[   Depths:2 ?   Depths:3 =[?(

Portals:
Hell: Depths:1 Depths:4 Depths:5
Abyss: Depths:4
Pandemonium: Depths:2
Ziggurat: Depths:3

Annotations:
D:3 exclusion: oklob plant
Depths:2 exclusion: orange crystal statue


Innate Abilities, Weirdness & Mutations

You are resistant to torment.
Your stone body is resilient. (AC +20)
You are immune to poison.
Your large and strong wings let you fly indefinitely.
You resist negative energy. (rN+)
You are resistant to electric shocks. (rElec)
You can survive without breathing.
You are immune to petrification.
You are immune to rotting.
You are weak. (Str -2)


Message History

The golden dragon claws you!
* * * LOW HITPOINT WARNING * * *
The golden dragon tramples you but does no damage.
The tentacled monstrosity tentacle-slaps you but does no damage. x3
* * * LOW HITPOINT WARNING * * *
The tentacled monstrosity constricts you.
Your blink will be uncontrolled - continue anyway? [Y]es or [N]o only, please.
Your blink will be uncontrolled - continue anyway? [Y]es or [N]o only, please.
Your blink will be uncontrolled - continue anyway?
The Orb prevents control of your translocation!
You escape the tentacled monstrosity's grasp.
You blink.
As you read the scroll of blinking, it crumbles to dust.
The golden dragon rages.
The tentacled monstrosity completely misses you.
The tentacled monstrosity tentacle-slaps you but does no damage. x2
The tentacled monstrosity grabs you.
You die...

#......#
......# .....#
. ....# ..
$..# ...###
##)##
###...##§..#
..$....DX..#
.......@X..###
.........∩...#
#...####.....#
#.. ......(.#
#. ##......##
#.....$#
####...?
...... .......


You could see 2 tentacled monstrosities and a golden dragon (berserk).

Vanquished Creatures
  Mennas (Vaults:3)
  Mara (Spider:3)
  Margery (Vaults:3)
  3 caustic shrikes (Depths:5)
  4 golden dragons
  A bone dragon (Depths:5)
  11 tentacled monstrosities
  An Ice Fiend (IceCv)
  7 liches
  4 titans
  A deep elf blademaster (Elf:3)
  2 deep elf master archers (Elf:3)
  2 quicksilver dragons
  2 tentacled starspawn (Abyss:5)
  7 sphinxes
  3 thorn hunters
  10 shadow dragons
  8 tengu reavers
  Donald (Vaults:1)
  4 storm dragons
  14 fire giants
  12 frost giants
  4 deep elf sorcerers
  Louise (D:14)
  3 ghost moths
  5 emperor scorpions
  An orc warlord (Orc:2)
  19 vault wardens
  2 iron dragons
  Aizul (Vaults:3)
  A draconian stormcaller (Depths:5)
  4 deep elf elementalists
  9 ironheart preservers
  A draconian shifter (Depths:5)
  6 spriggan defenders
  11 very ugly things
  15 stone giants
  6 deep elf demonologists
  2 war gargoyles (Vaults:5)
  2 vampire knights (Depths:4)
  2 entropy weavers
  2 green draconians (Depths:5)
  Nessos (Lair:4)
  2 red draconians
  11 spark wasps
  A white draconian (Depths:5)
  5 deep elf annihilators
  2 yellow draconians (Depths:5)
  2 purple draconians
  8 deep elf death magi
  A crystal guardian (Vaults:3)
  Snorg (Orc:1)
  9 ettins
  2 jiangshi (Depths:3)
  14 yaktaur captains
  Josephine (Orc:1)
  Harold (D:10)
  2 deep elf high priests
  12 great orbs of eyes
  9 fire dragons
  31 vault guards
  4 rakshasas
  14 hydras
  7 spriggan air magi
  4 ghost crabs
  10 ice dragons
  Erica (D:11)
  10 alligators
  14 centaur warriors
  30 dancing weapons
  2 catoblepae
  4 death knights
  4 deep troll shamans
  6 tengu warriors
  19 ogre magi
  5 death yaks
  A vampire mage (Depths:3)
  A death yak (shapeshifter) (Vaults:2)
  4 deep troll earth magi
  54 two-headed ogres
  9 spriggan berserkers
  26 deep elf knights
  10 hell knights
  A wretched star (Vaults:5)
  2 shadow wraiths (Vaults:4)
  5 skeletal warriors (Vaults:2)
  2 salamander mystics (Depths:5)
  15 deep trolls
  2 iron trolls (Depths:1)
  7 flayed ghosts
  2 glowing orange brains
  2 spriggan druids (Swamp:4)
  2 shambling mangroves
  An obsidian statue (Vaults:3)
  6 unseen horrors
  4 phantasmal warriors
  16 deep elf archers
  3 swamp dragons
  5 wizards
  6 harpies
  2 spectral hydras (Swamp:4)
  2 lindwurms
  A wolf spider zombie (D:13)
  9 ironbrand convokers
  7 necromancers
  13 orc knights
  78 deep elf magi
  66 ugly things
  13 orb spiders
  22 wolf spiders
  A salamander (shapeshifter) (D:14)
  3 orc sorcerers (Orc:2)
  A shining eye (shapeshifter) (Depths:4)
  5 salamanders (Depths:5)
  2 human skeletons (Vaults:2)
  2 moths of wrath
  17 elephants
  An elephant (shapeshifter) (Vaults:5)
  4 cyclopes
  A black mamba (shapeshifter) (Vaults:1)
  A moth of wrath (shapeshifter) (D:14)
  A guardian serpent (shapeshifter) (Vaults:1)
  11 vault sentinels
  A centaur zombie (D:13)
  Joseph (D:7)
  A rust devil (Depths:1)
  A titan simulacrum (Depths:2)
  Maurice (D:9)
  A black mamba (Lair:3)
  A fire giant skeleton (Vaults:2)
  12 spiny frogs
  Psyche (D:8)
  3 centaur skeletons
  3 gargoyles
  A spriggan skeleton (Depths:1)
  A spriggan zombie (Depths:1)
  7 demonic crawlers
  4 kobold demonologists
  7 freezing wraiths
  10 komodo dragons
  2 swamp worm zombies (Swamp:4)
  53 yaktaurs
  4 anaconda simulacra (IceCv)
  3 tengu conjurers
  A jumping spider (shapeshifter) (Depths:5)
  5 ice devils (IceCv)
  A red devil (Depths:2)
  6 trolls
  A troll (shapeshifter) (Elf:2)
  A wind drake (shapeshifter) (Depths:1)
  21 jumping spiders
  24 hornets
  6 tyrant leeches
  A meliai (shapeshifter) (Depths:4)
  A polar bear (Lair:6)
  A polar bear (shapeshifter) (Vaults:4)
  A wolf spider simulacrum (IceCv)
  A hydra zombie (Swamp:4)
  46 slime creatures
  11 bog bodies
  12 blink frogs
  A fire dragon zombie (Depths:1)
  11 hippogriffs
  3 spectral swamp dragons (Swamp:4)
  A fire giant simulacrum (Vaults:1)
  2 alligator zombies (Swamp:4)
  9 air elementals
  81 redbacks
  2 shadows
  3 dire elephant simulacra (IceCv)
  12 spriggans
  2 hogs (shapeshifter)
  27 tarantellas
  11 water elementals
  52 yaks
  6 wraiths
  A wyvern (D:11)
  A basilisk (shapeshifter) (Vaults:3)
  A tarantella (shapeshifter) (Depths:5)
  The ghost of PrinceOfStrings the Shooter, an amateur CeAM (D:4)
  A fire bat (Volcano)
  Grum (D:11)
  A vampire (D:15)
  4 fire elementals
  A small abomination (Abyss:5)
  A golden eye (shapeshifter) (Abyss:5)
  16 vampire mosquitoes
  2 basilisks
  A neqoxec (Abyss:5)
  A large abomination (Abyss:5)
  4 harpy simulacra (IceCv)
  2 hungry ghosts
  Menkaure (D:7)
  5 wargs
  2 death yak simulacra (IceCv)
  An iron troll simulacrum (IceCv)
  18 water moccasins
  The ghost of adarith the Bolt Thrower, an amateur KoHu (D:3)
  19 insubstantial wisps
  A hydra simulacrum (IceCv)
  A spatial vortex (Abyss:5)
  2 acid dragons
  21 swamp worms
  A floating eye (Depths:3)
  5 swamp drakes
  A deep troll skeleton (Vaults:2)
  23 orc warriors
  5 porcupines
  6 sky beasts
  A black bear (Lair:6)
  5 swamp dragon zombies (Swamp:4)
  9 phantoms
  An alligator simulacrum (Abyss:5)
  2 ettin simulacra (IceCv)
  An ice beast (D:13)
  33 ogres
  12 boggarts
  21 centaurs
  14 wolves
  15 crocodiles
  An orc skeleton (Vaults:2)
  7 big kobolds
  17 bullfrogs
  A wyvern zombie (D:8)
  3 scorpions
  13 wights
  5 killer bees (D:12)
  3 electric eels (Spider:4)
  5 lava snakes (Volcano)
  5 crimson imps
  2 draconian simulacra (IceCv)
  3 hounds
  A starcursed mass (Abyss:5)
  4 bullfrog zombies
  A human simulacrum (Vaults:1)
  9 jellies
  12 orc wizards
  15 orc priests
  5 bullfrog skeletons
  Crazy Yiuf (D:6)
  6 iguanas
  Terence (D:3)
  2 spectral swamp drakes (Swamp:4)
  10 worker ants
  6 troll simulacra (IceCv)
  3 wolf simulacra (IceCv)
  2 centaur simulacra (IceCv)
  2 worker ant zombies (D:7)
  A swamp drake zombie (Swamp:4)
  18 adders
  2 ogre simulacra
  3 shadow imps
  4 white imps
  3 ufetubi (IceCv)
  3 oozes (Lair:6)
  An adder skeleton (D:8)
  3 worms
  3 dart slugs
  2 leopard geckos
  71 orcs
  A ball python (D:4)
  5 giant cockroaches
  7 goblins
  2 hobgoblins (D:3)
  8 jackals
  5 quokkas
  5 bats
  A frilled lizard (D:2)
  A jackal zombie (D:5)
  27 kobolds
  2 leopard gecko zombies (D:7)
  6 rats
  3 briar patches
  A bush (D:6)
  3 crawling corpses
  2 fungi
  5 plants
1985 creatures vanquished.

Vanquished Creatures (collateral kills)
  A juggernaut (Depths:2)
  A bone dragon (Swamp:4)
  Arachne (Spider:4)
  A deep elf blademaster (Elf:3)
  2 titans (Vaults:5)
  A sphinx (Vaults:5)
  Agnes (Spider:4)
  A tengu reaver (Vaults:5)
  A fire giant (Vaults:5)
  A frost giant (Vaults:5)
  A deep elf sorcerer (Elf:3)
  2 vault wardens
  2 ironheart preservers
  An emperor scorpion (Spider:4)
  A vampire knight (Depths:2)
  A deep elf elementalist (Elf:3)
  2 deep elf demonologists
  2 deep elf annihilators
  A deep elf death mage (Vaults:5)
  An ettin (Vaults:5)
  A deep elf high priest (Elf:3)
  3 ogre magi
  3 rakshasas
  2 vault guards (D:14)
  A yaktaur captain (Vaults:5)
  5 two-headed ogres (Vaults:1)
  A deep troll earth mage (Depths:2)
  A deep elf knight (Vaults:2)
  A glowing orange brain (Vaults:3)
  A wizard (Vaults:3)
  2 ironbrand convokers
  2 deep trolls
  8 harpies
  A deep elf archer (Elf:2)
  5 deep elf magi
  An orc knight (Orc:1)
  4 ugly things
  A wolf spider (Spider:4)
  A cyclops (Vaults:2)
  An orb spider (Spider:4)
  2 orc sorcerers (Orc:2)
  A vault sentinel (Vaults:2)
  A yaktaur (Vaults:1)
  A freezing wraith (Vaults:1)
  A hydra zombie (Swamp:4)
  5 jumping spiders
  A tarantella (Spider:4)
  An air elemental (Depths:2)
  6 redbacks
  A chaos spawn (Vaults:5)
  A soldier ant (shapeshifter) (Vaults:1)
  4 orc warriors
  7 ogres (Vaults:1)
  A boggart (Vaults:1)
  3 orc priests
  2 orc wizards
  11 orcs
  3 crawling corpses (Vaults:5)
122 creatures vanquished.

Vanquished Creatures (others)
  An ettin (Vaults:5)
  A hydra (Lair:6)
  A spriggan air mage (Depths:2)
  A spatial maelstrom (Vaults:5)
  A deep elf archer (Elf:2)
  A deep elf mage (Elf:2)
  5 yaktaurs
  A warg (Depths:3)
  A phantom (Swamp:4)
  A boggart (Vaults:1)
  4 centaurs (Depths:3)
  A white imp (IceCv)
  3 ufetubi (IceCv)
  2 orcs
  A goblin (Orc:1)
  3 briar patches
  A fungus (Lair:1)
  52 plants
  5 starspawn tentacles (Abyss:5)
86 creatures vanquished.

Grand Total: 2193 creatures vanquished

Notes
Turn   | Place    | Note
-------+----------+-------------------------------------------
     0 | D:1      | tasys the Gargoyle Fighter began the quest for the Orb.
     0 | D:1      | Reached XP level 1. HP: 14/14 MP: 1/1
   231 | D:1      | Reached XP level 2. HP: 19/19 MP: 2/2
   782 | D:2      | Found a stormy altar of Qazlal.
   782 | D:2      | Found a radiant altar of Vehumet.
   782 | D:2      | Found a bloodstained altar of Trog.
   798 | D:2      | Found a sparkling altar of Nemelex Xobeh.
   802 | D:2      | Became a worshipper of Trog the Wrathful
   962 | D:2      | Found a snail-covered altar of Cheibriados.
   976 | D:2      | Reached XP level 3. HP: 20/23 MP: 3/3
  1020 | D:2      | Found a glowing golden altar of the Shining One.
  1448 | D:3      | Noticed adarith's ghost (amateur KoHu)
  1491 | D:3      | Killed adarith's ghost
  1491 | D:3      | Reached XP level 4. HP: 27/29 MP: 4/4
  1491 | D:3      | Reached XP level 5. HP: 31/33 MP: 5/5
  1574 | D:3      | Found a blossoming altar of Fedhas.
  1594 | D:3      | Noticed an oklob plant
  1715 | D:3      | Found a hazy altar of Hepliaklqana.
  1740 | D:3      | Noticed Terence
  1755 | D:3      | Killed Terence
  1755 | D:3      | Reached skill level 5 in Maces & Flails
  1786 | D:3      | Reached XP level 6. HP: 37/38 MP: 6/6
  1960 | D:3      | Found a faded altar of an unknown god.
  2308 | D:4      | Found a bloodstained altar of Trog.
  2460 | D:4      | Noticed PrinceOfStrings's ghost (amateur CeAM)
  2496 | D:4      | Killed PrinceOfStrings's ghost
  2496 | D:4      | Reached * piety under Trog
  2496 | D:4      | Reached skill level 4 in Fighting
  2527 | D:4      | Reached XP level 7. HP: 21/43 MP: 7/7
  2938 | D:4      | Found Qyfix's Antique Weapon Emporium.
  3219 | D:5      | Entered Level 5 of the Dungeon
  3229 | D:5      | Found a white marble altar of Elyvilon.
  3587 | D:5      | Found a staircase to the Ecumenical Temple.
  3590 | D:5      | Found Acopiffyco's Jewellery Boutique.
  3824 | D:5      | Reached skill level 5 in Armour
  4114 | D:5      | Reached XP level 8. HP: 45/48 MP: 8/8
  4151 | D:6      | Found an iron altar of Okawaru.
  4153 | D:6      | Found Vexoip's Book Boutique.
  4544 | D:6      | Found a runed door.
  4545 | D:6      | Got a pitted mace
  4549 | D:6      | Noticed Crazy Yiuf
  4552 | D:6      | Paralysed by Crazy Yiuf for 3 turns
  4560 | D:6      | Killed Crazy Yiuf
  4600 | D:6      | Identified the +2 mace of the Shining Light {flame, Dex+4} (You found it on level 6 of the Dungeon)
  4645 | D:6      | Reached ** piety under Trog
  5018 | D:6      | Found a glowing silver altar of Zin.
  5297 | D:7      | Noticed Joseph
  5321 | D:7      | Killed Joseph
  5321 | D:7      | Reached skill level 5 in Fighting
  5321 | D:7      | Reached skill level 10 in Maces & Flails
  5321 | D:7      | Reached XP level 9. HP: 54/54 MP: 9/9
  5384 | D:7      | Noticed Menkaure
  5391 | D:7      | Killed Menkaure
  5634 | D:7      | Reached *** piety under Trog
  6221 | D:8      | Noticed a two-headed ogre
  6231 | D:8      | Killed a two-headed ogre
  6231 | D:8      | Reached skill level 6 in Fighting
  6231 | D:8      | Reached XP level 10. HP: 60/60 MP: 10/10
  6500 | D:8      | Noticed Psyche
  6512 | D:8      | Killed Psyche
  6984 | D:9      | Found a shadowy altar of Dithmenos.
  7038 | D:9      | Noticed Maurice
  7057 | D:9      | Killed Maurice
  7499 | D:10     | Entered Level 10 of the Dungeon
  7878 | D:10     | Found a staircase to the Lair.
  8117 | D:10     | Reached skill level 7 in Fighting
  8181 | D:10     | Reached XP level 11. HP: 67/67 MP: 11/11
  8227 | D:10     | Found a staircase to the Orcish Mines.
  8347 | D:10     | Noticed Harold
  8361 | D:10     | Killed Harold
  8694 | D:11     | Noticed a two-headed ogre
  8704 | D:11     | Killed a two-headed ogre
  8718 | D:11     | Noticed Erica
  8757 | D:11     | Killed Erica
  8849 | D:11     | Noticed Grum
  8858 | D:11     | Killed Grum
  8967 | D:11     | Reached **** piety under Trog
  8983 | D:11     | Noticed a two-headed ogre
  9005 | D:11     | Killed a two-headed ogre
  9005 | D:11     | Reached skill level 8 in Fighting
  9391 | D:11     | Noticed a red ugly thing
  9402 | D:11     | Killed a red ugly thing
  9402 | D:11     | Reached skill level 10 in Armour
  9465 | D:11     | Found a shadowy altar of Dithmenos.
  9472 | D:11     | Reached skill level 9 in Fighting
  9842 | D:12     | Noticed a two-headed ogre
  9853 | D:12     | Killed a two-headed ogre
  9853 | D:12     | Reached XP level 12. HP: 76/76 MP: 12/12
 10064 | D:12     | Noticed a five-headed hydra
 10079 | D:12     | Killed a five-headed hydra
 10079 | D:12     | Reached skill level 10 in Fighting
 10333 | Lair:1   | Entered Level 1 of the Lair of Beasts
 10998 | Lair:1   | Reached ***** piety under Trog
 10998 | Lair:1   | Reached skill level 11 in Fighting
 12340 | Lair:2   | Reached skill level 12 in Fighting
 12499 | Lair:2   | Found a dark tunnel.
 12510 | Volcano  | Entered a volcano
 12564 | Volcano  | Reached XP level 13. HP: 78/86 MP: 13/13
 12909 | Volcano  | Found a radiant altar of Vehumet.
 12949 | Volcano  | Noticed a red draconian
 12969 | Volcano  | Killed a red draconian
 13389 | Lair:2   | Found a staircase to the Swamp.
 13824 | Lair:3   | Found a hole to the Spider Nest.
 14105 | Lair:3   | Reached skill level 13 in Fighting
 14792 | Lair:4   | Noticed Nessos
 14804 | Lair:4   | Killed Nessos
 14949 | Lair:4   | Reached skill level 15 in Maces & Flails
 15807 | Lair:5   | Gained mutation: Your large and strong wings let you fly indefinitely. [Gargoyle growth]
 15807 | Lair:5   | Reached XP level 14. HP: 94/94 MP: 14/14
 16496 | Lair:5   | Identified a scroll of acquirement
 17010 | Lair:6   | Entered Level 6 of the Lair of Beasts
 17205 | Lair:6   | Reached skill level 14 in Fighting
 17209 | Lair:6   | Received a gift from Trog
 17551 | Lair:6   | Found a staircase to the Slime Pits.
 17629 | Lair:6   | Found a radiant altar of Vehumet.
 19407 | Orc:1    | Entered Level 1 of the Orcish Mines
 19485 | Orc:1    | Found Wovoan's Jewellery Emporium.
 19501 | Orc:1    | Found Jaubol's Weapon Boutique.
 19556 | Orc:1    | Found Socw's Food Shoppe.
 19644 | Orc:1    | Found Luett's Book Emporium.
 19695 | Orc:1    | Found a flagged portal.
 19716 | Orc:1    | Noticed Josephine
 19718 | Orc:1    | Received a gift from Trog
 19733 | Orc:1    | Killed Josephine
 19809 | Orc:1    | Found a roughly hewn altar of Beogh.
 19883 | Orc:2    | Entered Level 2 of the Orcish Mines
 19935 | Orc:1    | Noticed Snorg
 19940 | Orc:1    | Killed Snorg
 19950 | Orc:1    | Reached XP level 15. HP: 101/101 MP: 13/15
 20011 | Bailey   | Entered a bailey
 20528 | Orc:2    | Found a roughly hewn altar of Beogh.
 20856 | Orc:2    | Found a staircase to the Elven Halls.
 20868 | Orc:2    | Found a roughly hewn altar of Beogh.
 21094 | Orc:2    | Found a roughly hewn altar of Beogh.
 21166 | Orc:2    | Found a roughly hewn altar of Beogh.
 21168 | Orc:2    | Found Xesmill's Assorted Antiques.
 21200 | Orc:2    | Found a roughly hewn altar of Beogh.
 21222 | Orc:2    | Received a gift from Trog
 21235 | Orc:2    | Found Ytamewk's General Store.
 21436 | Orc:2    | Noticed an orc warlord
 21724 | Orc:2    | Killed an orc warlord
 21724 | Orc:2    | Reached skill level 15 in Fighting
 21817 | Orc:2    | Found Fieloloc's Antique Weapon Shop.
 21819 | Orc:2    | Found a roughly hewn altar of Beogh.
 21830 | Orc:2    | Found Hawuph's Antique Armour Boutique.
 21858 | Orc:2    | Bought a glowing plate armour for 676 gold pieces
 23108 | D:14     | Found a gate to the Vaults.
 23625 | D:14     | Found a basalt altar of Yredelemnul.
 23626 | D:14     | Noticed Louise
 23636 | D:14     | Killed Louise
 23882 | D:15     | Entered Level 15 of the Dungeon
 24272 | D:15     | Received a gift from Trog
 24527 | D:15     | Reached XP level 16. HP: 108/108 MP: 5/16
 25266 | D:15     | Found a staircase to the Depths.
 25519 | Spider:1 | Entered Level 1 of the Spider Nest
 25821 | Lair:3   | Reached skill level 16 in Fighting
 26444 | Spider:1 | Reached skill level 15 in Armour
 27722 | Spider:2 | Received a gift from Trog
 29639 | Spider:3 | Found a frozen archway.
 29654 | IceCv    | Entered an ice cave
 29816 | IceCv    | Found the +9 heavy crossbow "Sniper" {velocity, Acc+∞ SInv}
 30288 | IceCv    | Noticed an Ice Fiend
 30311 | IceCv    | Reached XP level 17. HP: 75/116 MP: 17/17
 30321 | IceCv    | Killed an Ice Fiend
 30605 | IceCv    | Found the +2 pair of boots of the Assassin {Detection Stab+ Stlth++}
 30788 | Spider:3 | Received a gift from Trog
 30927 | Spider:4 | Entered Level 4 of the Spider Nest
 30927 | Spider:4 | Noticed Mara
 30953 | Spider:3 | Killed Mara
 30953 | Spider:3 | Reached skill level 17 in Fighting
 31140 | Spider:4 | Noticed Agnes
 31147 | Spider:4 | Killed Agnes
 31772 | Spider:4 | Noticed Arachne
 31996 | Spider:4 | Received a gift from Trog
 31999 | Spider:4 | Got a brightly glowing executioner's axe {god gift}
 32001 | Spider:4 | Identified the +4 executioner's axe of Heunim {chop, rF+} (Trog gifted it to you on level 4 of the Spider Nest)
 32346 | Spider:4 | Killed Arachne
 32362 | Spider:4 | Reached skill level 1 in Axes
 32443 | Spider:4 | Reached skill level 18 in Fighting
 33127 | Spider:4 | Got a gossamer rune of Zot
 33423 | Swamp:1  | Entered Level 1 of the Swamp
 34120 | Swamp:1  | Reached XP level 18. HP: 111/126 MP: 18/18
 34835 | Swamp:2  | Noticed a tentacled monstrosity
 35553 | Swamp:2  | Killed a tentacled monstrosity
 35553 | Swamp:2  | Reached skill level 19 in Fighting
 36522 | Swamp:4  | Entered Level 4 of the Swamp
 36628 | Swamp:4  | Received a gift from Trog
 36854 | Swamp:4  | Noticed a bone dragon
 36868 | Swamp:4  | Killed a bone dragon
 36876 | Swamp:4  | Got a decaying rune of Zot
 37191 | Swamp:4  | Reached skill level 20 in Fighting
 37395 | Swamp:4  | Received a gift from Trog
 37870 | Vaults:1 | Entered Level 1 of the Vaults
 38190 | Vaults:1 | Reached XP level 19. HP: 88/136 MP: 6/19
 39309 | Vaults:1 | Reached skill level 21 in Fighting
 39797 | Vaults:1 | Noticed Donald
 39811 | Vaults:1 | Killed Donald
 40274 | Vaults:2 | Received a gift from Trog
 40395 | Vaults:2 | Found Fiupn's Book Emporium.
 40616 | Vaults:2 | Noticed a lich
 40623 | Vaults:2 | Killed a lich
 40708 | Vaults:2 | Received a gift from Trog
 40711 | Vaults:2 | Got a faintly glowing executioner's axe {god gift}
 40861 | Vaults:2 | Reached skill level 22 in Fighting
 40921 | Vaults:2 | Reached XP level 20. HP: 144/145 MP: 20/20
 40941 | Vaults:2 | Identified the +5 executioner's axe of Accord {venom, rC+} (Trog gifted it to you on level 2 of the Vaults)
 42184 | Vaults:3 | HP: 3/147 [crystal guardian/crystal bolt (15)]
 42859 | Vaults:3 | Noticed Margery
 42871 | Vaults:3 | Killed Margery
 42906 | Vaults:3 | Received a gift from Trog
 42912 | Vaults:3 | Got a slimy broad axe {god gift}
 42918 | Vaults:3 | Identified the +9 broad axe of Perfectionism {antimagic, rN+ Dex+7} (Trog gifted it to you on level 3 of the Vaults)
 43369 | Vaults:3 | Noticed Aizul
 43378 | Vaults:3 | Killed Aizul
 43403 | Vaults:3 | Found Puoph's Jewellery Shop.
 43408 | Vaults:3 | Bought the ring of Ymoudgh {rF+ rC+ rN+} for 820 gold pieces
 43516 | Vaults:3 | Got a crystal whip
 43523 | Vaults:3 | Identified the +5 whip of the Thoughtful Souls {antimagic, Dex+3} (You found it on level 3 of the Vaults)
 43581 | Vaults:3 | Reached skill level 5 in Axes
 44080 | Vaults:3 | Found a staircase to the Crypt.
 44080 | Vaults:3 | Found an ancient bone altar of Kikubaaqudgha.
 44080 | Vaults:3 | Found a basalt altar of Yredelemnul.
 44170 | Vaults:3 | Noticed Mennas
 44213 | Vaults:3 | Killed Mennas
 44882 | Vaults:4 | Reached skill level 23 in Fighting
 45193 | Vaults:4 | Reached XP level 21. HP: 147/153 MP: 21/21
 45480 | Vaults:4 | Received a gift from Trog
 46344 | Vaults:3 | You are sucked into a shaft!
 46636 | Elf:1    | Entered Level 1 of the Elven Halls
 46679 | Elf:1    | Got a fine flail
 46712 | Elf:1    | Identified the +3 flail of Laengul {crush, rElec rF- MR+++ SInv} (You found it on level 1 of the Elven Halls)
 47022 | Elf:1    | Reached skill level 5 in Shields
 48320 | Elf:2    | Received a gift from Trog
 49111 | Elf:2    | Found a runed gate.
 49111 | Elf:2    | Found a runed gate.
 49113 | Elf:2    | Found a runed gate.
 49133 | Elf:2    | Reached skill level 10 in Shields
 49942 | Depths:1 | Entered Level 1 of the Depths
 50010 | Depths:1 | Received a gift from Trog
 50274 | Depths:1 | Found a gateway to Hell.
 50317 | Depths:1 | Reached XP level 22. HP: 160/160 MP: 22/22
 50939 | Depths:1 | Received a gift from Trog
 51146 | Depths:1 | Found a shattered altar of Ashenzari.
 51911 | Depths:2 | Found Rienn's Magic Scroll Boutique.
 52055 | Depths:2 | Bought a scroll of enchant armour for 157 gold pieces
 52256 | Depths:2 | Reached skill level 15 in Shields
 52779 | Depths:2 | Found a one-way gate leading to the halls of Pandemonium.
 52813 | Depths:2 | Noticed a juggernaut
 52823 | Depths:2 | Killed a juggernaut
 53872 | Vaults:3 | Bought the ring "Zerchir" {MR+ Int+4 Slay+2} for 927 gold pieces
 54319 | Depths:2 | Got distressingly furry fire dragon scales
 54386 | Depths:2 | Identified the cursed +1 fire dragon scales of Hagip {rF++ rC- Str+2 SInv} (You found it on level 2 of the Depths)
 55371 | Depths:3 | Received a gift from Trog
 55843 | Depths:3 | Found Buotzuot's Antique Armour Shoppe.
 56363 | Depths:3 | Reached XP level 23. HP: 157/165 MP: 23/23
 56605 | Depths:3 | Found Usseu's Jewellery Shoppe.
 56614 | Depths:3 | Found a gateway to a ziggurat.
 56614 | Depths:3 | Found Xobo's Magic Scroll Shoppe.
 56891 | Depths:3 | Found Tunny's Magic Scroll Boutique.
 56916 | Depths:3 | Found Teulangi's Weapon Shop.
 57035 | Depths:4 | Reached ****** piety under Trog
 57035 | Depths:4 | Received a gift from Trog
 57203 | Depths:4 | Found a one-way gate to the infinite horrors of the Abyss.
 57218 | Depths:4 | Found an ornate altar of the Wu Jian Council.
 57223 | Depths:4 | Found a hide-covered altar of Uskayaw.
 57270 | Depths:4 | Found a glowing silver altar of Zin.
 57296 | Depths:4 | Reached skill level 24 in Fighting
 58129 | Depths:4 | Received a gift from Trog
 58301 | Depths:4 | Got a faintly glowing sapphire amulet
 58305 | Depths:4 | Identified the amulet "Vaczoriesk" {+Rage rF+} (You took it off a fire giant on level 4 of the Depths)
 58317 | Depths:4 | Reached XP level 24. HP: 175/175 MP: 23/23
 58579 | Depths:4 | Got a faintly glowing cloak
 58594 | Depths:5 | Entered Level 5 of the Depths
 58633 | Depths:5 | Reached skill level 25 in Fighting
 58682 | Depths:5 | Identified the +0 cloak of Gehenna {rF+ rN++ MR+} (You found it on level 4 of the Depths)
 59344 | Depths:5 | Noticed a caustic shrike
 59345 | Depths:5 | Noticed a caustic shrike
 59350 | Depths:5 | Killed a caustic shrike
 59352 | Depths:5 | Noticed a caustic shrike
 59362 | Depths:5 | Killed a caustic shrike
 59370 | Depths:5 | Killed a caustic shrike
 59529 | Depths:5 | Received a gift from Trog
 60179 | Depths:5 | Found a gate to the Realm of Zot.
 60694 | Vaults:5 | Entered Level 5 of the Vaults
 60772 | Vaults:5 | Reached skill level 26 in Fighting
 60883 | Vaults:5 | Reached XP level 25. HP: 178/184 MP: 23/23
 61029 | Vaults:5 | Got a shimmering chain mail
 61141 | Vaults:5 | Got a pair of ichor-stained gloves
 61143 | Vaults:5 | Got a silver rune of Zot
 61182 | Vaults:5 | Identified the cursed +0 ring mail of the Sunfish {*Slow Str+7} (You found it on level 5 of the Vaults)
 61255 | Vaults:5 | Received a gift from Trog
 61619 | Vaults:5 | Cast into level 5 of the Abyss (the power of Zot)
 61619 | Abyss:5  | Entered Level 5 of the Abyss
 61638 | Abyss:5  | Gained mutation: You are weak. (Str -2) [a neqoxec]
 61704 | Abyss:5  | Paralysed by accursed screaming for 1 turns
 61725 | Abyss:5  | Paralysed by accursed screaming for 2 turns
 61737 | Vaults:5 | Escaped the Abyss
 61749 | Vaults:5 | Found Dicadden's Antique Armour Emporium.
 62046 | Vaults:5 | Got an ancient silver ring
 62065 | Vaults:5 | Identified the +4 pair of gloves of the Bells {Int+2 Dex+2} (You found it on level 5 of the Vaults)
 62316 | Vaults:5 | Reached skill level 27 in Fighting
 62382 | Vaults:5 | Identified the +7 chain mail of Amelioration {rCorr} (You found it on level 5 of the Vaults)
 62567 | Vaults:5 | Received a gift from Trog
 62583 | Vaults:5 | Identified the ring "Vubypn" {MP+9 Int+5 Dex-2 Slay+4} (You took it off a fire giant on level 5 of the Vaults)
 62812 | Vaults:5 | Found Ephisig's Gadget Boutique.
 63403 | Elf:3    | Entered Level 3 of the Elven Halls
 63606 | Elf:3    | Reached XP level 26. HP: 193/193 MP: 23/23
 64306 | Elf:3    | Received a gift from Trog
 64724 | Elf:3    | Got a pair of faintly glowing gloves
 64750 | Elf:3    | Identified the +11 battleaxe "Spiderslayer" {speed, *Noise rPois rF+ rC+++ Int+3} (You found it on level 3 of the Elven Halls)
 64773 | Elf:3    | Got a ring of the Octopus King
 64782 | Elf:3    | Identified a ring of the Octopus King {MP+9 AC+1 EV+1 Str+1 Int+1 Dex+1} (You took it off a deep elf sorcerer on level 3 of the Elven Halls)
 64796 | Elf:3    | Identified the +1 pair of gloves of Dawn {+Blink rElec rF- Slay+3} (You found it on level 3 of the Elven Halls)
 65528 | Zot:1    | Entered Level 1 of the Realm of Zot
 65580 | Zot:1    | HP: 9/193 [golden dragon (13)]
 65581 | Zot:1    | Slain by a tentacled monstrosity

Skill      XL: |  1  2  3  4  5  6  7  8  9 10 11 12 13 14 15 16 17 18 19 20 21 22 23 24 25 26 |
---------------+-------------------------------------------------------------------------------+-----
Maces & Flails | 3 4 5 6 7 10 11 13 14 15 17 18 19 20 21 22 23 25 26 | 26.7
Armour         | 4 5 6 7 8 10 12 13 14 15 16 17 | 17.8
Fighting       | 4 5 6 7 9 12 13 14 15 16 18 20 22 23 24 26 27 | 27.0
Axes           | 2 3 7 |  7.2
Shields        | 12 16 | 16.7
Throwing       | |  0.2
Dodging        | |  0.2
Stealth        | |  0.5

Action                   |  1- 3 |  4- 6 |  7- 9 | 10-12 | 13-15 | 16-18 | 19-21 | 22-24 | 25-27 || total
-------------------------+-------+-------+-------+-------+-------+-------+-------+-------+-------++-------
Melee: Flail             |   123 |   128 |   223 |       |       |       |   485 |   846 |       ||  1805
       Mace              |       |       |   223 |   343 |    69 |    37 |       |       |       ||   672
       Dire flail        |       |       |       |   464 |    74 |       |       |       |       ||   538
       Great mace        |       |       |       |       |  1041 |  1527 |  1075 |  1115 |   735 ||  5493
       Executioner's axe |       |       |       |       |       |     8 |     4 |       |       ||    12
       Demon whip        |       |       |       |       |       |    32 |       |       |       ||    32
       Whip              |       |       |       |       |       |       |   364 |       |       ||   364
       Broad axe         |       |       |       |       |       |       |     4 |       |       ||     4
Throw: Throwing net      |       |       |     2 |       |       |       |       |       |       ||     2
Invok: Berserk           |       |       |     6 |     7 |    13 |    12 |    15 |     9 |     2 ||    64
       Trog's Hand       |       |       |     1 |     1 |    11 |    11 |    12 |     7 |     7 ||    50
       Burn Spellbooks   |       |       |       |     4 |     2 |     6 |     1 |     3 |     7 ||    23
       Brothers in Arms  |       |       |       |       |     8 |    12 |     9 |     8 |     9 ||    46
Evoke: Wand              |       |       |       |       |       |     1 |       |       |       ||     1
  Use: Scroll            |       |       |     6 |     9 |    17 |    16 |    10 |    11 |    14 ||    83
       Potion            |       |       |       |       |     3 |     2 |     1 |       |     5 ||    11
 Stab: Petrified         |       |       |       |       |     4 |       |       |       |       ||     4
       Distracted        |       |       |       |       |     1 |     2 |       |     1 |     3 ||     7
  Eat: Chunk             |     2 |     1 |    12 |    20 |    37 |    30 |    68 |    73 |    19 ||   262
       Ration            |       |     1 |     1 |     3 |     6 |    11 |       |       |     2 ||    24
Armor: Scale mail        |    14 |       |       |       |   600 |       |       |       |       ||   614
       Plate armour      |    92 |   117 |   246 |   422 |   323 |  2184 |  1175 |  1480 |   906 ||  6945
Dodge: Dodged            |    42 |    54 |   102 |   218 |   579 |   832 |   408 |   484 |   234 ||  2953
Block: Shield            |       |       |       |       |       |       |   262 |   525 |       ||   787
       Reflection        |       |       |       |       |       |       |    27 |    21 |       ||    48
